 Dungeon Crawl Stone Soup version 0.30.0-29-ga12c61a403 (webtiles) character file.

Game seed: 6115202141316811172

121 hawla the Firebug (level 5, -2/38 HPs)
             Began as a Meteoran Fire Elementalist on June 12, 2023.
             Slain by an orc
             ... wielding a +0 falchion of holy wrath
              (4 damage)
             ... on level 4 of the Dungeon.
             The game lasted 00:01:43 (312 turns).

hawla the Firebug (Meteoran Fire Elementalist)       Turns: 312, Time: 00:01:44

Health: -2/38      AC:  2    Str: 10    XL:     5   Next: 52%
Magic:  4/11       EV: 12    Int: 18    God:
Gold:   29         SH:  0    Dex: 14    Spells: 4/11 levels left

rFire   . . .        b - +0 lajatang
rCold   . . .        (shield currently unavailable)
rNeg    . . .        a - +0 robe
rPois   .            (no helmet)
rElec   .            (no cloak)
rCorr   .            (no gloves)
SInv    .            (no boots)
Will    .....        (no amulet)
Stlth   +            (no ring)
HPRegen 0.26/turn    (no ring)
MPRegen 0.12/turn

%: no passive effects
@: glowing
A: sense surroundings 1, otherworldly, glowing, explore regen
a: no special abilities


You were on level 4 of the Dungeon.
You visited 1 branch of the dungeon, and saw 4 of its levels.

You collected 29 gold pieces.

Inventory:

Hand Weapons
 b - a +0 lajatang (weapon)
Armour
 a - a +0 robe (worn)
Wands
 c - a wand of polymorph (10)


   Skills:
 - Level 0.1 Fighting
 + Level 1.4 Staves
 - Level 2.8 Dodging
 - Level 1.4 Stealth
 - Level 3.8 Spellcasting
 + Level 2.3 Conjurations
 - Level 5.1 Fire Magic


You had 4 spell levels left.
You knew the following spells:

 Your Spells              Type           Power      Damage    Failure   Level
a - Foxfire               Conj/Fire      64%        2x1d7     3%          1
b - Scorch                Fire           44%        2d6       2%          2
c - Flame Wave            Conj/Fire      16%        2d7       32%         4

Your spell library contained the following spells:

 Spells                   Type           Power      Damage    Failure   Level
 Inner Flame              Hex/Fire       12%        N/A       16%         3
 Volatile Blastmotes      Fire/Tloc      24%        2d12      16%         3


Dungeon Overview and Level Annotations

Branches:
Dungeon (4/15) Zot: 2085
 Temple: D:4-7

Altars:


Innate Abilities, Weirdness & Mutations

You passively map a small area around you.
You are easily found by Zot.
You glow in the dark.
You regain HP and MP as you explore.


Message History

Things that are here:
a +0 dagger; a +0 ring mail; an orc corpse
Casting: Scorch (safe; 2% risk of failure)
Confirm with . or Enter, or press ? or * to list all spells.
You conjure some foxfire!
The orc closely misses you.
The orc wizard points at you and mumbles some strange words.
You are confused.
You barely miss the orc wizard.
The foxfire hits the orc wizard but does no damage.
The foxfire hits the orc wizard.
The orc wizard is moderately wounded.
The orc wizard barely misses you.
The orc hits you with a +0 falchion of holy wrath.
The orc wizard gestures wildly while chanting.
The orc wizard flickers and vanishes!
Deactivating autopickup; reactivate with Ctrl-A.
The orc barely misses you.
You're too confused to cast spells.
Sorry, you're not good enough to have a special ability.
You're too confused to cast spells.
Sorry, you're not good enough to have a special ability.
You aren't carrying any potions.
Something hits you. The orc barely misses you.
You closely miss the orc.
You hear some strange, mumbled words.
A puff of flame appears from out of thin air!
The puff of flame hits you. The orc barely misses you.
You miss something. Something hits you.
The orc hits you with a +0 falchion of holy wrath.
You bump into the rock wall.
You feel less confused. Something hits you.
The orc hits you with a +0 falchion of holy wrath!
* * * LOW HITPOINT WARNING * * *
You aren't carrying any potions.
You miss something. Something barely misses you.
The orc hits you with a +0 falchion of holy wrath.
* * * LOW HITPOINT WARNING * * *
The orc hits you with a +0 falchion of holy wrath.
You die...

* , ###########
,,....)....># ,
* ######.#.# ,*
#.#.#
###########.#.#
.......)@...#.#
*
####...{o####.#
+.......,#.# ,
#.....##.#.# ,
, #....?# #.# *
* #.....# #.#
#....... ,#.#
#......# *#.# *
,* #.#


You could see an orc.

Vanquished Creatures
  A phantom (D:4)
  An orc priest (D:4)
  A worm (D:2)
  A dart slug (D:4)
  2 orcs (D:4)
  2 ball pythons
  An endoplasm (D:1)
  2 goblins
  A hobgoblin (D:4)
12 creatures vanquished.

Vanquished Creatures (others)
  16 foxfires
16 creatures vanquished.

Grand Total: 28 creatures vanquished

Notes
Turn   | Place    | Note
-------+----------+-------------------------------------------
     0 | D:1      | hawla the Meteoran Fire Elementalist began the quest for
                  | the Orb.
     0 | D:1      | Reached XP level 1. HP: 14/14 MP: 5/5
    56 | D:2      | Reached XP level 2. HP: 16/20 MP: 4/7
    69 | D:2      | Reached skill level 4 in Fire Magic
    84 | D:2      | Learned a level 2 spell: Scorch
   124 | D:4      | Noticed a phantom
   131 | D:4      | Killed a phantom
   132 | D:4      | Reached skill level 5 in Fire Magic
   132 | D:4      | Reached XP level 3. HP: 12/26 MP: 6/9
   132 | D:4      | Reached XP level 4. HP: 15/33 MP: 6/10
   132 | D:4      | Reached XP level 5. HP: 17/38 MP: 6/11
   137 | D:4      | Learned a level 4 spell: Flame Wave
   303 | D:4      | Reached skill level 1 in Staves
   312 | D:4      | Slain by an orc

Illustrated notes

Levels and vault maps discovered:
D:1:      dpeg_arrival_court, layout_loops_ring
D:2:      layout_rooms
D:3:      layout_basic, lemuel_zombie_altar_kikubaaqudgha,
          hellmonk_ecumenical_altar_run_dry, gammafunk_ghost_mausoleum,
          uniq_grinder
D:4:      layout_basic

Skill      XL: |  1  2  3  4  5 |
---------------+----------------+-----
Spellcasting   | 3 |  3.8
Fire Magic     | 5 |  5.1
Staves         | 1 |  1.4
Conjurations   | 2 |  2.3
Fighting       | |  0.1
Dodging        | |  2.8
Stealth        | |  1.4

Action                     |  1- 3 |  4- 6 || total
---------------------------+-------+-------++-------
  Melee: Unarmed           |     3 |       ||     3
         Lajatang          |       |     7 ||     7
   Cast: Foxfire           |    10 |     1 ||    11
         Scorch            |     3 |     6 ||     9
    Use: Potion            |     1 |       ||     1
 Armour: Robe              |     1 |     1 ||     2
  Dodge: Dodged            |     3 |     7 ||    10
